 Dungeon Crawl Stone Soup version 0.28.0-45-g0d030f2227 (webtiles) character file.

Game seed: 4856428669758025396

1874 dianekeaton the Basher (level 8, -2/73 HPs)
             Began as a Minotaur Fighter on Apr 12, 2022.
             Slain by a gargoyle
             ... wielding a +0 flail
              (10 damage)
             ... on level 7 of the Dungeon.
             The game lasted 00:14:33 (6890 turns).

dianekeaton the Basher (Minotaur Fighter)           Turns: 6890, Time: 00:14:34

Health: -2/73      AC: 13    Str: 23    XL:     8   Next: 91%
Magic:  7/7        EV:  8    Int:  5    God:
Gold:   454        SH:  4    Dex: 10    Spells: 7/7 levels left

rFire   . . .      SeeInvis .   a - +1 flail
rCold   . . .      Faith    .   c - +0 buckler
rNeg    . . .      Spirit   .   j - +0 chain mail
rPois   .          Reflect  .   (helmet restricted)
rElec   .          Harm     .   g - +0 cloak
rCorr   .          Rampage  .   m - +0 pair of gloves
Will    .....                   n - +1 pair of boots
Stlth   ..........              (no amulet)
HPRegen 0.22/turn               (no ring)
MPRegen 0.10/turn               (no ring)

@: mighty
A: horns 2, retaliatory headbutt
a: no special abilities


You were on level 7 of the Dungeon.
You visited 2 branches of the dungeon, and saw 8 of its levels.

You collected 454 gold pieces.

Inventory:

Hand Weapons
 a - a +1 flail (weapon)
Armour
 c - a +0 buckler (worn)
 g - a +0 cloak (worn)
 j - a +0 chain mail (worn)
 m - a +0 pair of gloves (worn)
 n - a +1 pair of boots (worn)
 q - a scarf of resistance
Jewellery
 b - a ring of positive energy
 s - a ring of resist corrosion
 v - a ring of wizardry
Scrolls
 d - 3 scrolls of teleportation
 e - 3 scrolls of magic mapping
 r - a scroll of identify
 t - 2 scrolls of noise
 w - a scroll of fog
Potions
 f - 4 potions of flight
 i - 2 potions of degeneration
 k - 2 potions of lignification
 l - 2 potions of mutation {unknown}
 o - a potion of invisibility {unknown}
 p - 2 potions of magic {unknown}
 u - a potion of haste {unknown}


   Skills:
 * Level 7.5 Fighting
 + Level 12.0 Maces & Flails
 + Level 1.7 Throwing
 - Level 3.6 Armour
 - Level 1.1 Dodging
 - Level 3.6 Shields


You had 7 spell levels left.
You didn't know any spells.
Your spell library contained the following spells:

 Spells                   Type           Power      Damage    Failure   Level
 Fulminant Prism          Conj/Hex       0%         3d6       100%        4
 Iskenderun's Mystic Bla  Conj/Tloc      0%         2d3       100%        4
 Passage of Golubria      Tloc           0%         N/A       100%        4
 Lee's Rapid Deconstruct  Erth           0%         3d5*      100%        5
 Silence                  Hex/Air        0%         N/A       100%        5
 Lehudib's Crystal Spear  Conj/Erth      0%         10d2      100%        8


Dungeon Overview and Level Annotations

Branches:
Dungeon (7/15)             Temple (1/1) D:6

Altars:
Ashenzari
Dithmenos
Elyvilon
Fedhas
Gozag
Hepliaklqana
Nemelex Xobeh
Qazlal
Ru
Sif Muna
Trog
Uskayaw
Vehumet
Wu Jian
Xom
Zin
The Shining One
Ignis

Shops:
D:5 (


Innate Abilities, Weirdness & Mutations

You have a pair of horns on your head.
You reflexively headbutt those who attack you in melee.


Message History

You throw a boomerang.
The boomerang hits the gargoyle but does no damage.
Throw: boomerang
Press: ? - help, Q - select action Shift-Dir - straight line, f/p - gargoyle
Aim: a gargoyle, wielding a +0 flail (74% to hit)
You throw a boomerang. The boomerang hits the gargoyle.
The gargoyle is lightly damaged.
The gargoyle hurls a stone arrow at you.
The stone arrow hits you!
Throw: boomerang
Press: ? - help, Q - select action Shift-Dir - straight line, f/p - gargoyle
Aim: a gargoyle, wielding a +0 flail (lightly damaged, 74% to hit)
You throw a boomerang.
The boomerang closely misses the gargoyle.
Throw: boomerang
Press: ? - help, Q - select action Shift-Dir - straight line, f/p - gargoyle
Aim: a gargoyle, wielding a +0 flail (lightly damaged, 74% to hit)
You throw a boomerang.
The boomerang barely misses the gargoyle.
The gargoyle hurls a stone arrow at you.
The stone arrow hits you!!
The gargoyle hurls a stone arrow at you.
The stone arrow hits you!
You see here a scroll of magic mapping.
You barely miss the gargoyle. You headbutt the gargoyle.
The gargoyle is moderately damaged.
The gargoyle hurls a stone arrow at you.
The stone arrow hits you.
You completely miss the gargoyle.
The gargoyle is moderately damaged.
The gargoyle hits you with a +0 flail!!
* * * LOW HITPOINT WARNING * * *
You barely miss the gargoyle.
The gargoyle is moderately damaged.
The gargoyle hits you with a +0 flail.
* * * LOW HITPOINT WARNING * * *
You hit the gargoyle but do no damage.
The gargoyle is moderately damaged.
The gargoyle hits you with a +0 flail!
You die...

#...... .....
..... ... ...
#.# #9# #@#
##.## ###...##
# #......#.###
####...........
#.........#####
.......#.#.#
##.#####.#.# #.
#.#.#


You could see a gargoyle.

Vanquished Creatures
  A water moccasin (D:5)
  An orc warrior (D:4)
  An ice beast (D:6)
  A phantom (D:3)
  2 kobold brigands
  2 bullfrogs
  2 scorpions (D:4)
  3 wights (D:7)
  2 centaur zombies (D:6)
  3 hounds
  A jelly (D:4)
  2 gnoll shamans
  3 centaur skeletons
  An orc priest (D:4)
  4 iguanas
  5 orc wizards
  A scorpion zombie (D:5)
  A hound skeleton (D:4)
  2 howler monkey skeletons
  11 gnolls
  10 adders
  A shadow imp (D:6)
  A white imp (D:5)
  2 adder skeletons (D:4)
  3 worms
  22 orcs
  5 ball pythons
  9 bats
  4 endoplasms
  10 giant cockroaches
  8 goblins
  3 hobgoblins
  16 jackals
  3 quokkas
  10 frilled lizards
  18 kobolds
  2 rats
176 creatures vanquished.

Vanquished Creatures (others)
  7 plants (D:1)
7 creatures vanquished.

Grand Total: 183 creatures vanquished

Notes
Turn   | Place    | Note
-------+----------+-------------------------------------------
     0 | D:1      | dianekeaton the Minotaur Fighter began the quest for the
                  | Orb.
     0 | D:1      | Reached XP level 1. HP: 19/19 MP: 0/0
   150 | D:1      | Reached skill level 3 in Maces & Flails
   388 | D:1      | Reached XP level 2. HP: 26/26 MP: 1/1
   463 | D:1      | You fall into a shaft and drop 1 floor!
   480 | D:2      | Reached skill level 4 in Maces & Flails
   594 | D:1      | Reached XP level 3. HP: 23/31 MP: 2/2
   856 | D:1      | Found a faded altar of an unknown god.
  1123 | D:1      | Reached skill level 5 in Maces & Flails
  1377 | D:2      | Reached XP level 4. HP: 39/39 MP: 3/3
  1983 | D:3      | Noticed a phantom
  1993 | D:3      | Killed a phantom
  1994 | D:3      | Reached skill level 6 in Maces & Flails
  1994 | D:3      | Reached skill level 1 in Dodging
  1994 | D:3      | Reached XP level 5. HP: 37/45 MP: 4/4
  2746 | D:4      | Reached skill level 7 in Maces & Flails
  2792 | D:4      | Reached XP level 6. HP: 5/51 MP: 5/5
  3238 | D:4      | Reached skill level 8 in Maces & Flails
  3309 | D:4      | Noticed an orc warrior
  3322 | D:4      | Killed an orc warrior
  3386 | D:4      | Found a glowing golden altar of the Shining One.
  3462 | D:4      | Reached XP level 7. HP: 53/57 MP: 6/6
  3465 | D:4      | Reached skill level 9 in Maces & Flails
  3842 | D:4      | Reached skill level 1 in Throwing
  4204 | D:5      | Entered Level 5 of the Dungeon
  4583 | D:5      | Reached skill level 10 in Maces & Flails
  4710 | D:5      | Reached skill level 5 in Fighting
  5000 | D:5      | Found a shimmering blue altar of Sif Muna.
  5155 | D:5      | Reached XP level 8. HP: 52/68 MP: 7/7
  5457 | D:5      | Found Caclysk's Weapon Boutique.
  5931 | D:6      | Reached skill level 11 in Maces & Flails
  6054 | D:6      | Found a staircase to the Ecumenical Temple.
  6060 | Temple   | Entered the Ecumenical Temple
  6207 | D:6      | Found an opulent altar of Gozag.
  6207 | D:6      | Found a sparkling altar of Nemelex Xobeh.
  6543 | D:7      | Found a bloodstained altar of Trog.
  6751 | D:7      | Reached skill level 12 in Maces & Flails
  6880 | D:7      | Noticed a gargoyle
  6890 | D:7      | Slain by a gargoyle

Illustrated notes

Levels and vault maps discovered:
D:1:      minmay_arrival_pointy, layout_basic, basic_ecumenical_altar,
          minmay_lizard_king
D:2:      layout_rooms, kennysheep_generic_room_8
D:3:      layout_basic, minmay_vboxes
D:4:      layout_gridville, kennysheep_mini_moat, minmay_distorted
D:5:      layout_loops_corners, nicolae_overflow_hidden_temple, serial_shops,
          shop, sigmund_army
D:6:      layout_basic, grunt_temple_overflow_opulence, minmay_temple_entry_hall
D:7:      layout_loops_corners, nicolae_overflow_crystal_walls, slow_altar_2,
          ebering_ghost_xom
Temple:   pdpol_scorched_temple

Skill      XL: |  1  2  3  4  5  6  7  8 |
---------------+-------------------------+-----
Maces & Flails | 3 4 5 6 7 8 10 12 | 12.0
Dodging        | 1 |  1.1
Fighting       | 5 7 |  7.5
Throwing       | 1 |  1.7
Armour         | |  3.6
Shields        | |  3.6

Action                   |  1- 3 |  4- 6 |  7- 9 || total
-------------------------+-------+-------+-------++-------
Melee: Flail             |    79 |   140 |   210 ||   429
       Headbutt          |     5 |    14 |    42 ||    61
Throw: Boomerang         |       |     4 |     7 ||    11
  Use: Scroll            |       |     5 |     7 ||    12
       Potion            |       |     4 |     2 ||     6
Armor: Scale mail        |    41 |       |       ||    41
       Chain mail        |     1 |   113 |   115 ||   229
Dodge: Dodged            |    55 |    51 |    70 ||   176
Block: Buckler           |    32 |    32 |    40 ||   104
